cohdb
Replays
Latest Replays
All Replays
Popular Replays
Top Player Replays
Match Explorer
How It Works
Community
CoH3 Stats
Reddit
Sign in to upload your games and track your stats! →
Sign in with Steam
Match 45464483
Unlisted
Match 45464483
Overview
Messages
Build Orders
End
Engineer Squad
Selects Heavy Weapons
Construct Weapon Support Center
M1919 Machine Gun Team
Bazooka Squad
Bazooka Squad
Selects M2HB .50cal Heavy Machine Gun
Construct Medical Station
Air Support Center
M1919 Machine Gun Team
Improved M9 Bazooka Rockets
P-47 Dive Bomb
Double Sortie
M3 Armored Personnel Carrier
Grasshopper Recon Run
P-47 Dive Bomb
M3 Armored Personnel Carrier
Bazooka Squad
Selects Assault Carriers
Lifrathil
admiral_gnar
PZ
Palivalka
dilleybar77
盖世太保
Clear CL
bizzarehrry
0
0
Comments
sign in to comment!
No comments posted yet!